Map: Terrasses de Prion

Players

ComanderKeen

  • Race: Terran Terran
  • League: Gold
  • Spawn Location: 11:00

zidar - Winner!

  • Race: Zerg Zerg
  • League: Silver
  • Spawn Location: 5:00

VOD

Have the link to the VOD?

Description

Time

  • Played on: Jan. 15, 2016, 9:06 a.m.
  • Length: 15:00
Show
View Real Time Build Order
Export as new Build Order

ComanderKeen Terran 

Build Orders:  

Get SALT Encoding   

  12  0:02  SCV  
  13  0:14  Supply Depot  
  13  0:21  SCV  
  14  0:32  Supply Depot  
  14  0:33  SCV  
  15  0:45  Barracks  
  15  0:49  SCV  
  16  1:02  Barracks  
  16  1:05  SCV  
  17  1:21  Barracks, SCV  
  18  1:28  Refinery  
  18  1:37  Orbital Command  
  18  1:48  Marine  
  18  1:49  Marine  
  20  2:06  Marine  
  20  2:07  Marine  
  22  2:13  Barracks Tech Lab  
  22  2:16  SCV  
  23  2:26  Engineering Bay  
  23  2:27  Marine  
  23  2:29  Engineering Bay  
  25  2:32  Marauder  
  25  2:34  Barracks Tech Lab  
  26  2:51  Refinery  
  26  2:56  Supply Depot  
  26  3:00  Marine  
  26  3:01  Marine  
  26  3:02  Marauder  
  30  3:16  Terran Infantry Weapons Level 1  
  30  3:19  SCV  
  31  3:42  Marauder x2  
  31  3:43  Marine  
  36  3:52  Terran Infantry Armor Level 1  
  36  3:55  SCV  
  37  4:00  Marine  
  38  4:07  SCV  
  39  4:21  Marauder x2  
  43  4:25  Supply Depot  
  43  4:28  Supply Depot  
  43  4:38  Factory  
  27  5:15  Barracks Tech Lab  
  27  5:16  Marauder  
  27  5:17  Marauder  
  31  5:22  Factory Tech Lab  
  31  5:27  Command Center  
  31  5:33  Marauder  
  33  5:38  Marauder  
  33  5:42  Siege Tank  
  38  5:45  Marine  
  39  5:58  Marauder  
  41  6:06  SCV  
  42  6:14  Siege Tank  
  45  6:20  Armory  
  45  6:37  Marauder x2  
  45  6:39  Marine  
  50  6:59  Siege Tank  
  50  7:00  Marine x3  
  56  7:05  SCV  
  57  7:13  SCV  
  58  7:17  SCV  
  58  7:18  Marauder  
  58  7:19  Marauder  
  63  7:28  Marauder  
  65  7:32  Siege Tank  
  68  7:47  Marauder x2  
  68  7:49  Marine  
  73  8:03  Refinery, SCV  
  73  8:04  SCV  
  75  8:07  Marine  
  76  8:15  SCV  
  76  8:16  SCV  
  77  8:35  Terran Infantry Weapons Level 2  
  77  8:39  Starport  
  77  8:40  Starport  
  77  8:44  SCV  
  77  8:45  SCV  
  79  8:55  Refinery  
  79  8:56  SCV  
  79  8:57  Terran Vehicle Weapons Level 1  
  80  9:40  Command Center  
  83  9:47  Thor  
  86  10:04  Supply Depot  
  86  10:05  Supply Depot  
  86  10:25  Marine x3  
  86  10:27  Orbital Command  
  89  10:30  Thor  
  95  10:40  SCV  
  96  10:43  Marine  
  97  10:51  Terran Ship Weapons Level 1  
  97  10:52  SCV  
  97  10:53  Starport Tech Lab  
  97  10:55  Starport Reactor  
  98  10:58  Liberator  
  98  11:00  Terran Infantry Weapons Level 3  
  98  11:04  SCV  
  99  11:16  SCV  
  103  11:29  Orbital Command  
  103  11:39  Supply Depot  
  103  11:40  Supply Depot  
  103  11:43  Liberator x2, Supply Depot  
  103  11:47  Refinery  
  103  11:51  Refinery, Terran Infantry Armor Level 2  
  109  12:19  Thor  
  115  12:28  SCV  
  116  12:54  Command Center  
  116  12:57  Marauder x3  
  122  13:02  Thor  
  128  13:15  Liberator x3  
  42  14:40  Marine  
  42  14:41  Marine x2  
Show
View Real Time Build Order
Export as new Build Order

zidar Zerg - Winner!

Build Orders: Hatch First 

Get SALT Encoding   

  12  0:01  Drone  
  13  0:12  Overlord  
  13  0:17  Drone  
  14  0:31  Drone x2  
  14  0:34  Drone  
  17  0:54  Hatchery  
  16  0:57  Drone  
  17  1:04  Drone  
  17  1:05  Extractor  
  17  1:19  Spawning Pool  
  17  1:21  Drone  
  17  1:26  Drone  
  18  1:39  Overlord  
  18  1:43  Drone  
  19  1:49  Drone  
  21  2:01  Drone  
  21  2:07  Queen  
  23  2:10  Queen  
  25  2:22  Metabolic Boost  
  25  2:30  Roach Warren  
  25  2:31  Drone  
  25  2:32  Drone  
  26  2:45  Extractor  
  25  2:53  Drone x4  
  29  3:10  Roach x3  
  35  3:32  Overlord x2  
  35  4:16  Roach x4  
  43  4:18  Extractor  
  43  4:19  Overlord  
  43  4:20  Overlord  
  42  4:28  Ravager x2  
  37  5:18  Roach  
  37  5:19  Roach x10  
  59  5:42  Hatchery, Ravager x2  
  60  5:45  Overlord x3  
  60  5:46  Overlord  
  60  6:05  Zergling x8  
  64  6:20  Lair  
  64  6:26  Roach  
  64  6:27  Roach x5  
  76  6:42  Drone x5  
  76  6:46  Queen  
  80  6:54  Ravager  
  80  6:55  Ravager x2  
  80  6:56  Ravager  
  80  6:57  Ravager  
  85  7:04  Overlord x2  
  85  7:05  Overlord  
  85  7:21  Zergling x2  
  85  7:22  Zergling x12  
  92  7:30  Zergling x8  
  96  7:49  Queen  
  97  8:50  Evolution Chamber  
  96  8:55  Evolution Chamber  
  95  9:26  Spire  
  95  9:27  Drone x10  
  104  9:35  Infestation Pit  
  104  9:36  Zerg Ground Armor Level 1  
  104  9:38  Zerg Melee Weapons Level 1  
  103  9:47  Overlord, Extractor  
  103  9:48  Overlord x5  
  102  9:59  Zergling x2  
  103  10:00  Zergling x18  
  112  10:32  Hive  
  112  11:28  Drone x3  
  112  11:30  Drone  
  112  11:31  Drone  
  117  11:40  Drone  
  118  11:54  Ultralisk Cavern  
  117  11:55  Zerg Ground Armor Level 2  
  117  11:56  Zerg Melee Weapons Level 2  
  117  12:01  Adrenal Glands  
  118  12:08  Zergling x2  
  118  12:09  Zergling x50  
  143  12:45  Chitinous Plating  
Tags
 
Add a new tag
Caveats
  • Supply blocks, unpowered buildings, or Contaminate may cause inaccurate times.
  • Supply counts are checked every 10 seconds.